 Dungeon Crawl Stone Soup version 0.28.0 (webtiles) character file.

Game seed: 13048023578756354688

532 AmazingTV the Sneak (level 7, -4/35 HPs)
             Began as a Spriggan Brigand on Mar 15, 2024.
             Slain by a sky beast (5 damage)
             ... on level 5 of the Dungeon.
             The game lasted 00:15:50 (4069 turns).

AmazingTV the Sneak (Spriggan Brigand)              Turns: 4069, Time: 00:15:51

Health: -4/35      AC:  3    Str:  7    XL:     7   Next: 4%
Magic:  8/8        EV: 20    Int: 12    God:
Gold:   173        SH:  0    Dex: 17    Spells: 6/6 levels left

rFire   . . .      SeeInvis +   a - +2 dagger {short}
rCold   + + .      Faith    .   (no shield)
rNeg    . . .      Spirit   .   b - +0 robe
rPois   .          Reflect  .   (helmet restricted)
rElec   .          Harm     .   c - +0 cloak
rCorr   .          Rampage  .   (gloves unavailable)
Will    +....                   (boots unavailable)
Stlth   ++++......              s - amulet "Amikk" {Acrobat rC++ Str-2 Slay+6 Stlth+}
HPRegen 0.11/turn               (no ring)
MPRegen 0.11/turn               (no ring)

@: about to teleport, very quick
A: very small, no large weapons, unfitting armour, see invisible, speed 3
a: no special abilities


You were on level 5 of the Dungeon.
You visited 1 branch of the dungeon, and saw 5 of its levels.

You collected 173 gold pieces.


Innate Abilities, Weirdness & Mutations

You are very small and have problems with some larger weapons.
You are too small for most types of armour.
You have supernaturally acute eyesight. (SInv)
You cover ground extremely quickly. (Speed+++)


   Skills:
 + Level 2.9 Fighting
 + Level 3.9 Short Blades
 * Level 4.7 Throwing
 * Level 5.6 Dodging
 - Level 5.8 Stealth


You had 6 spell levels left.
You didn't know any spells.
Your spell library contained the following spells:

 Spells                   Type           Power      Damage    Failure   Level
 Animate Skeleton         Necr           0%         N/A       32%         1
 Pain                     Necr           0%         1d4       32%         1
 Ensorcelled Hibernation  Hex/Ice        0%         N/A       45%         2
 Passwall                 Tmut/Erth      0%         N/A       45%         2
 Swiftness                Air            0%         N/A       69%         3
 Vampiric Draining        Necr           0%         2d6       69%         3

Inventory:

Hand Weapons
 a - a +2 dagger (weapon) {short}
Missiles
 d - 2 poisoned darts (quivered)
 e - 2 curare-tipped darts {=f}
 f - 120 stones
 i - 64 arrows
 o - 24 bolts
 u - 3 atropa-tipped darts
Armour
 b - a +0 robe (worn)
 c - a +0 cloak (worn)
Jewellery
 s - the amulet "Amikk" (around neck) {Acrobat rC++ Str-2 Slay+6 Stlth+}
   (You found it on level 2 of the Dungeon)

   [amulet of the acrobat]

   It increases your evasion while moving and waiting.
   Str:       It affects your strength (-2).
   Slay:      It affects your accuracy & damage with ranged weapons and melee
   (+6).
   rC:        It greatly protects you from cold.
   Stlth:     It makes you more stealthy.
Scrolls
 g - a scroll of magic mapping {!r}
 h - 7 scrolls of identify {unknown}
 j - 2 scrolls of teleportation {@r4}
 k - a scroll of fog
 m - a scroll of enchant armour {unknown}
 t - a scroll of enchant weapon {unknown}
Potions
 l - a potion of might {unknown}
 n - 2 potions of curing {unknown}
 p - a potion of attraction {unknown}
 q - a potion of brilliance {unknown}
 r - 2 potions of heal wounds {unknown}

Dungeon Overview and Level Annotations

Branches:
Dungeon (6/15)
 Temple: D:4-7

Altars:
Ashenzari
Elyvilon

########### ##########
#.........# #.....ยงs@#
#.#######.# #.######Y#
#.# #####.### #.#
####O####.###......^.
#.#
#..ยงYยง............###
#.# #.##.####..#...##.#
##### #.# #.##)#
#.......#.# ....#
#.###.##.# #.........#
###.# #.....)..#
#.....###.# #.#
#####(#### #.###.# #.#


You could see a sky beast (invisible), an ogre and a scorpion.


Message History

You throw a poisoned dart. The poisoned dart hits the black bear.
The black bear is poisoned.
The black bear rages. ๐Ÿ˜จ HP[+1]
The black bear looks more healthy.
Throw: 2 darts (poison)
Press: ? - help, Q - select action, (/) - cycle Shift-Dir - straight line, f/p - black bear
Aim: a black bear (almost dead, berserk, 75% to hit)
You throw a poisoned dart. The poisoned dart hits the black bear.
The black bear is poisoned.
The black bear is no longer berserk.
You closely miss the black bear. The black bear completely misses you.
The black bear closely misses you. The black bear claws you.
* * * LOW HITPOINT WARNING * * *
๐Ÿ˜จ HP[-3]
You take 3 damage, and now have 9/32 hp.
You hit the black bear.
You kill the black bear!
You start resting. ๐Ÿ˜Ž HP[+23]
Your hp is fully restored (32).
No target in view!
d - 2 poisoned darts (gained 1)
The hound barks!
You hear a shout!
You see here a poisoned dart.
d - 3 poisoned darts (gained 1)
You throw a poisoned dart. The poisoned dart misses the hound.
You throw a poisoned dart. The poisoned dart hits the hound.
The hound is poisoned.
You puncture the hound! The hound bites you. ๐Ÿ˜• HP[-1]
You take 1 damage, and now have 31/32 hp.
The hound misses you.
You puncture the hound!
You kill the hound!
You have reached level 7! ๐Ÿ˜• HP[+3] MP[+1]
You now have 35 max hp (+3).
You regained 3 hp, and now have 34/35 hp.
Your mp is fully restored (8). ๐Ÿ˜Ž HP[+1]
Your hp is fully restored (35).
Things that are here:
a +0 mace {mace}; a boomerang of dispersal {=f!f}; an orc skeleton
d - 2 poisoned darts (gained 1)
Things that are here:
a +0 short sword {short}; an orc skeleton You see here a poisoned dart.
d - 3 poisoned darts (gained 1)
d - 4 poisoned darts (gained 1)
The yak bellows!
You throw a poisoned dart. The poisoned dart hits the yak.
The yak is poisoned.
The yak snorts and paws the ground.
Things that are here:
a +0 mace {mace}; a boomerang of dispersal {=f!f}; an orc skeleton You throw a poisoned dart.
The poisoned dart hits the yak!
The yak is poisoned.
You see here a +0 short sword {short}.
You hit the sky beast but do no damage. The sky beast closely misses you.
You hit the sky beast but do no damage. The sky beast completely misses you.
The sky beast flickers out of sight for a moment.
You hit the scorpion. The scorpion stings you! ๐Ÿ˜• HP[-7]
You take 7 damage, and now have 28/35 hp.
You hit the scorpion but do no damage. The sky beast hits you.
The sky beast shocks you. The scorpion stings you.
* * * LOW HITPOINT WARNING * * *
๐Ÿ˜จ HP[-12]
You take 12 damage, and now have 16/35 hp.
MASSIVE DAMAGE!! (PAUSE)
As you read the scroll labelled TUWARR UNOVAR, it crumbles to dust.
You feel aware of your surroundings.
It was a scroll of magic mapping.
The sky beast hits you but does no damage.
The scorpion closely misses you.
As you read the scroll labelled DORCHY KIH LOXKODIP, it crumbles to dust.
The scroll dissolves into smoke.
It was a scroll of fog.
The sky beast flickers out of sight for a moment.
The sky beast completely misses you. The scorpion stings you.
* * * LOW HITPOINT WARNING * * *
๐Ÿ˜จ HP[-3]
You take 3 damage, and now have 13/35 hp.
The scorpion completely misses you.
As you read the scroll labelled KOAPSI DAKAOJUDU, it crumbles to dust.
You feel strangely unstable.
It was a scroll of teleportation.
The scorpion closely misses you. The sky beast hits you.
* * * LOW HITPOINT WARNING * * *
The sky beast shocks you.
* * * LOW HITPOINT WARNING * * *
๐Ÿ˜ฑ HP[-9]
You take 9 damage, and now have 4/35 hp.
MASSIVE DAMAGE!! (PAUSE)
You barely miss the scorpion. The scorpion completely misses you.
The sky beast hits you but does no damage.
You hit the scorpion but do no damage.
The scorpion completely misses you. ๐Ÿ˜ฑ HP[+1] Unknown command.
You closely miss the scorpion. The sky beast hits you.
* * * LOW HITPOINT WARNING * * *
The sky beast shocks you.
You die...

Skill      XL: |  1  2  3  4  5  6 |
---------------+-------------------+-----
Dodging        | 2 3 4 5 |  5.6
Fighting       | 2 |  2.9
Throwing       | 3 4 |  4.7
Short Blades   | 3 |  3.9
Stealth        | |  5.8

Action                   |  1- 3 |  4- 6 |  7- 9 || total
-------------------------+-------+-------+-------++-------
Melee: Dagger            |    87 |    80 |     7 ||   174
       Punch             |       |     2 |       ||     2
Throw: Dart              |    13 |    22 |     2 ||    37
  Use: Scroll            |       |       |     3 ||     3
 Stab: Sleeping          |     3 |    10 |       ||    13
       Distracted        |     1 |     2 |       ||     3
Armor: Robe              |    16 |    10 |     2 ||    28
Dodge: Dodged            |    56 |    47 |     8 ||   111

Levels and vault maps discovered:
D:1:      saegor_arrival_simple_b, layout_basic,
          hellmonk_ecumenical_altar_pennies_from_heaven, minmay_tromino_i2
D:2:      layout_rooms, corexii_corridor_pit
D:3:      layout_basic, gammafunk_temple_overflow_wave, minmay_ogre_servants
D:5:      minmay_polygon_palace, layout_loops_corners,
          mainiacjoe_overflow_brackets, kennysheep_mini_moat
D:6:      layout_loops_cross, tso_oasis_becter, temple_green, minivault_22

Notes
Turn   | Place    | Note
-------+----------+-------------------------------------------
     0 | D:1      | AmazingTV the Spriggan Brigand began the quest for the Orb.
     0 | D:1      | Reached XP level 1. HP: 10/10 MP: 2/2
     0 | D:1      | magus.rc [v1.9.6]
    88 | D:1      | Reached skill level 2 in Dodging
    88 | D:1      | Reached XP level 2. HP: 7/15 MP: 3/3
   771 | D:1      | Found a faded altar of an unknown god.
  1189 | D:2      | Reached XP level 3. HP: 18/18 MP: 4/4
  1344 | D:2      | HP: 3/18 [iguana (13)]
  1370 | D:2      | Reached skill level 2 in Fighting
  1370 | D:2      | Reached skill level 3 in Throwing
  1370 | D:2      | Reached skill level 3 in Dodging
  1642 | D:2      | Reached XP level 4. HP: 23/23 MP: 5/5
  2171 | D:2      | Identified the amulet "Amikk" {Acrobat rC++ Str-2 Slay+6
                  | Stlth+}
  2249 | D:3      | Noticed an ogre
  2303 | D:3      | Killed an ogre
  2304 | D:3      | Reached skill level 3 in Short Blades
  2304 | D:3      | Reached skill level 4 in Dodging
  2304 | D:3      | Reached XP level 5. HP: 27/27 MP: 6/6
  2534 | D:3      | You fall into a shaft and drop 3 floors!
  2586 | D:6      | You pick up a book of Necromancy and begin reading...
  2586 | D:6      | You add the spells Pain, Animate Skeleton and Vampiric
                  | Draining to your library.
  2593 | D:6      | Noticed a centaur
  2595 | D:6      | Killed a centaur
  2596 | D:6      | Reached skill level 4 in Throwing
  2596 | D:6      | Reached XP level 6. HP: 32/32 MP: 7/7
  2709 | D:6      | Noticed a water moccasin
  2802 | D:6      | Reached skill level 5 in Dodging
  2805 | D:5      | Entered Level 5 of the Dungeon
  2878 | D:5      | Found a broken altar of Ashenzari.
  2982 | D:5      | Found a white marble altar of Elyvilon.
  3244 | D:5      | You pick up a book of Burglary and begin reading...
  3244 | D:5      | You add the spells Passwall, Ensorcelled Hibernation and
                  | Swiftness to your library.
  3615 | D:5      | Noticed a sky beast
  3615 | D:5      | Noticed a yak
  4000 | D:5      | Reached XP level 7. HP: 34/35 MP: 8/8
  4066 | D:5      | HP: 4/35 [sky beast (6)]
  4069 | D:5      | HP: 1/35 [sky beast (4)]
  4069 | D:5      | Slain by a sky beast

Vanquished Creatures
  An ogre (D:3)
  A black bear (D:5)
  A centaur (D:6)
  A bullfrog (D:6)
  A centaur skeleton (D:5)
  2 hounds
  An iguana (D:2)
  4 adders
  A white imp (D:5)
  A worm (D:3)
  2 dart slugs
  3 orcs (D:5)
  2 endoplasms
  6 giant cockroaches
  14 goblins
  4 hobgoblins
  5 jackals
  A kobold (D:1)
  A quokka (D:1)
  2 ball pythons
  3 bats
  6 rats
63 creatures vanquished.

Table legend:
 A = Non-vault XP
 B = Vault XP
 C = Vault XP percentage of total XP
 D = Non-vault monster count
 E = Vault monster count
 F = Vault count percentage of total count
                 A         B        C        D         E       F
            +---------+---------+-------+---------+---------+-------
      Total |     457 |     304 |  39.9 |      49 |      14 |  22.2
            +---------+---------+-------+---------+---------+-------
        D:1 |      32 |       4 |  11.1 |      18 |       2 |  10.0
        D:2 |      89 |       0 |   0.0 |      17 |       0 |   0.0
        D:3 |      40 |     136 |  77.3 |       7 |       9 |  56.2
        D:5 |      59 |     164 |  73.5 |       4 |       3 |  42.9
        D:6 |     237 |       0 |   0.0 |       3 |       0 |   0.0
            +---------+---------+-------+---------+---------+-------

Illustrated notes

Table legend:
 A = Kills in this place as a percentage of kills in entire the game.
 B = Kills by you in this place as a percentage of kills by you in the entire game.
 C = Kills by friends in this place as a percentage of kills by friends in the entire game.
 D = Other kills in this place as a percentage of other kills in the entire game.
 E = Experience gained in this place as a percentage of experience gained in the entire game.
 F = Experience gained in this place divided by the number of levels of this place that you have seen.
                   A       B       C       D       E      F
               +-------+-------+-------+-------+-------+----------------------
         Total | 100.0 | 100.0 |   N/A |   N/A | 100.0 | 152.2
       Dungeon | 100.0 | 100.0 |   N/A |   N/A | 100.0 | 152.2
               +-------+-------+-------+-------+-------+----------------------

Table legend: (Time is in decaauts)
 A = Elapsed time spent in this place.
 B = Non-inter-level travel time spent in this place.
 C = Inter-level travel time spent in this place.
 D = Time resting spent in this place.
 E = Time spent auto-exploring this place.
 F = Levels seen in this place.
 G = Mean time per level.
                   A        B        C        D        E       F      G
               +--------+--------+--------+--------+--------+-----+--------+
         Total |   3026 |   2996 |     30 |   1054 |   1145 |   5 |  605.2 |
       Dungeon |   3026 |   2996 |     30 |   1054 |   1145 |   5 |  605.2 |
               +--------+--------+--------+--------+--------+-----+--------+

Top non-repeatable levels by time:
     D:1: 918 daAuts
     D:5: 882 daAuts
     D:2: 807 daAuts
     D:3: 250 daAuts
     D:6: 167 daAuts
